 Dungeon Sprint DCSS version 0.31-a0-214-gb37851dbb3 (webtiles) character file.

Game seed: 15333348652496991721

110 dialectric the Covered (level 4, 0/31 HPs)
             Began as a Gargoyle Fighter on July 1, 2023.
             Slain by Sigmund
             ... wielding a +0 scythe
              (2 damage)
             ... in the Dungeon (Sprint I: "Red Sonja").
             The game lasted 00:00:47 (187 turns).

dialectric the Covered (Gargoyle Fighter)            Turns: 187, Time: 00:00:48

Health: 0/31       AC: 11    Str: 22    XL:     4   Next: 91%
Magic:  4/4        EV: 11    Int:  8    God:
Gold:   0          SH:  0    Dex:  9    Spells: 3/3 levels left

rFire   + . .        a - +0 long sword
rCold   . . .        (no shield)
rNeg    + . .        e - +1 ring mail {rF+}
rPois   ∞            (no helmet)
rElec   +            (no cloak)
rCorr   .            (no gloves)
SInv    .            (no boots)
Will    .....        (no amulet) Stlth
                     (no ring)
HPRegen 0.25/turn    (no ring)
MPRegen 0.09/turn

%: no teleportation
@: no status effects
A: sickness immunity, AC +3, negative energy resistance 1, electricity
resistance, torment resistance 1, petrification resistance
a: no special abilities


You were in the Dungeon.
You visited 1 branch

Inventory:

Hand Weapons
 a - a +0 long sword (weapon)
Armour
 b - a +0 scale mail
 c - a +0 buckler
 e - a +1 ring mail of fire resistance (worn)
Wands
 d - a wand of digging (4)
Scrolls
 j - a scroll of blinking
Potions
 g - a potion of haste
 h - 2 potions of magic


   Skills:
 + Level 5.4 Fighting
 + Level 3.2 Long Blades
 * Level 7.2 Armour
 * Level 2.2 Dodging
 + Level 5.4 Shields


You had 3 spell levels left.
You didn't know any spells.
Your spell library was empty.

Dungeon Overview and Level Annotations

Branches:
Dungeon (1/1)

Altars:

Annotations:
D Sigmund


Innate Abilities, Weirdness & Mutations

You are immune to sickness and miasma.
Your stone body is resilient. (AC +3)
You are immune to poison.
You resist negative energy. (rN+)
You are resistant to electric shocks. (rElec)
You are resistant to unholy torment.
You are immune to petrification.


Message History

Something tries to affect you, but you resist.
You miss something.
You hear some strange, mumbled words.
You are confused.
You bump into the closed door.
Something hits you.
* * * LOW HITPOINT WARNING * * *
You closely miss something. Something hits you but does no damage.
You miss something. Something hits you.
* * * LOW HITPOINT WARNING * * *
You bump into the rock wall.
You barely miss something. Something hits you but does no damage.
You're too confused to move!
Something hits you but does no damage.
You feel less confused. Something completely misses you.
You open the door.
You recover from your berserk rage.
Sigmund appears from thin air!
Reactivating autopickup.
Sigmund mumbles some strange words.
Sigmund flickers and vanishes!
Deactivating autopickup; reactivate with Ctrl-A.
Found 108 gold pieces.
Unknown command.
You closely miss something. Something hits you.
* * * LOW HITPOINT WARNING * * *
You closely miss something. Something hits you but does no damage.
You closely miss something. Something hits you.
* * * LOW HITPOINT WARNING * * *
You miss something. You closely miss something.
Something hits you but does no damage.
You hit something but do no damage. Something hits you but does no damage.
You barely miss something. Something hits you but does no damage.
You closely miss something.
You hear some strange, mumbled words.
A magic dart appears from out of thin air!
The magic dart hits you but does no damage.
You slash something! Something hits you.
* * * LOW HITPOINT WARNING * * *
You closely miss something. Something hits you.
You die...

################
#<.#..)..#.@'$$#
#..').#..'{.#$$+
#..#####+#### +#
#..# #..# #..#
#⌠⌠# ####


There were no monsters in sight!

Vanquished Creatures
  An ogre (D)
  Ijyb (D)
2 creatures vanquished.

Notes
Turn   | Place    | Note
-------+----------+-------------------------------------------
     0 | D        | dialectric the Gargoyle Fighter began the quest for the
                  | Orb.
     0 | D        | Reached XP level 1. HP: 14/14 MP: 1/1
     9 | D        | Noticed Ijyb
    31 | D        | Killed Ijyb
    32 | D        | Reached skill level 4 in Armour
    32 | D        | Reached XP level 2. HP: 2/20 MP: 2/2
    32 | D        | Reached XP level 3. HP: 2/24 MP: 3/3
   136 | D        | Noticed an ogre
   144 | D        | Killed an ogre
   145 | D        | Reached skill level 5 in Fighting
   145 | D        | Reached skill level 7 in Armour
   145 | D        | Reached skill level 5 in Shields
   145 | D        | Reached XP level 4. HP: 31/31 MP: 4/4
   149 | D        | Noticed Sigmund
   187 | D        | Slain by Sigmund

Illustrated notes

Levels and vault maps discovered:
D:        dungeon_sprint_1 [red_sonja_temple_1, red_sonja_temple_small_1]

Skill      XL: |  1  2  3 |
---------------+----------+-----
Fighting       | 4 5 |  5.4
Long Blades    | 2 3 |  3.2
Armour         | 4 7 |  7.2
Shields        | 4 5 |  5.4
Dodging        | 2 |  2.2

Action                     |  1- 3 |  4- 6 || total
---------------------------+-------+-------++-------
  Melee: Long sword        |    27 |    26 ||    53
    Use: Potion            |     3 |     1 ||     4
 Armour: Scale mail        |     9 |       ||     9
         Ring mail         |       |    18 ||    18
  Dodge: Dodged            |    12 |     1 ||    13

Table legend: (Time is in decaauts)
 A = Elapsed time spent in this place.
 B = Non-inter-level travel time spent in this place.
 C = Inter-level travel time spent in this place.
 D = Time resting spent in this place.
 E = Time spent auto-exploring this place.
 F = Levels seen in this place.
 G = Mean time per level.
                   A        B        C        D        E       F      G
               +--------+--------+--------+--------+--------+-----+--------+
         Total |    209 |    209 |      0 |     87 |      0 |   1 |  209.0 |
       Dungeon |    209 |    209 |      0 |     87 |      0 |   1 |  209.0 |
               +--------+--------+--------+--------+--------+-----+--------+

Top non-repeatable levels by time:
       D: 209 daAuts
